 Dungeon Crawl Stone Soup version 0.21-a0-88-g13b9641 (webtiles) character file.

85 wazuzu the Chopper (level 4, 34/39 HPs)
             Began as a Hill Orc Monk on June 27, 2017.
             Was a Believer of Dithmenos.
             Quit the game on level 2 of the Dungeon.
             The game lasted 00:05:11 (1470 turns).

wazuzu the Chopper (Hill Orc Monk)                  Turns: 1470, Time: 00:05:11

Health: 34/39      AC:  2    Str: 14    XL:     4   Next: 48%
Magic:  4/4        EV: 13    Int: 10    God:    Dithmenos [**....]
Gold:   78         SH:  0    Dex: 13    Spells: 3/3 levels left

rFire    . . .     SeeInvis +   a - +0 hand axe
rCold    . . .     Gourm    .   (no shield)
rNeg     . . .     Faith    .   b - +0 robe
rPois    .         Spirit   .   (no helmet)
rElec    .         Reflect  .   (no cloak)
rCorr    +         Harm     .   (no gloves)
MR       .....                  (no boots)
Stlth    ++........             (no amulet)
HPRegen  0.13/turn              o - ring of resist corrosion
MPRegen  0.09/turn              p - ring of see invisible

@: mildly poisoned (34 -> 22), hasted, wreathed by umbra, very quick
A: no striking features
a: Shadow Step, Renounce Religion


You were on level 2 of the Dungeon.
You worshipped Dithmenos.
Dithmenos was pleased with you.
You were not hungry.

You visited 1 branch of the dungeon, and saw 2 of its levels.

You collected 78 gold pieces.

Inventory:

Hand Weapons
 a - a +0 hand axe (weapon)
Armour
 b - a +0 robe (worn)
Jewellery
 o - a ring of resist corrosion (left hand)
 p - a ring of see invisible (right hand)
Scrolls
 l - a scroll of enchant armour {unknown}
 m - a scroll of immolation {unknown}
 n - a scroll of random uselessness {unknown}
Potions
 d - a potion of cancellation
 g - a potion of magic
 k - a potion of might {unknown}
Comestibles
 c - a bread ration
 f - a royal jelly
 h - 3 chunks of flesh
 i - 3 meat rations


   Skills:
 - Level 3.6 Fighting
 + Level 6.8 Axes
 - Level 2.4 Dodging
 - Level 1.5 Stealth


You had 3 spell levels left.
You didn't know any spells.

Dungeon Overview and Level Annotations

Branches:
Dungeon (2/15)

Altars:
Dithmenos


Message History

You hit Crazy Yiuf.
Crazy Yiuf is severely wounded.
Crazy Yiuf hits you with a quarterstaff of chaos!
* * * LOW HITPOINT WARNING * * *
You are lethally poisoned!
You hit Crazy Yiuf.
You kill Crazy Yiuf!
Dithmenos accepts your kill.
You have reached level 4!
* * * LOW HITPOINT WARNING * * *
You feel sick.
* * * LOW HITPOINT WARNING * * *
You feel sick.
Things that are here:
a quarterstaff of chaos; a cloak It was a potion of haste.
You feel yourself speed up.
* * * LOW HITPOINT WARNING * * *
You feel sick.
It was a potion of heal wounds.
You feel much better.
Are you sure you want to abandon this character and quit the game? (Confirm with "yes".)

#.. #.. #.. ###..
#.... #.#.. #####
♣♣####.. #)..#♣♣
♣♣.......
#@..'.♣♣♣♣........
#...#♣..♣......###
#####♣♣♣.♣....##
♣♣♣♣♣###


There were no monsters in sight!

Vanquished Creatures
  Crazy Yiuf (D:2)
  An adder (D:2)
  An ooze (D:2)
  3 worms (D:2)
  2 leopard geckos (D:2)
  2 giant cockroaches
  3 goblins
  A hobgoblin (D:2)
  4 jackals
  3 kobolds
  A ball python (D:2)
  5 bats
  4 frilled lizards
  3 rats
34 creatures vanquished.

Notes
Turn   | Place    | Note
-------+----------+-------------------------------------------
     0 | D:1      | wazuzu the Hill Orc Monk began the quest for the Orb.
     0 | D:1      | Reached XP level 1. HP: 19/19 MP: 1/1
   197 | D:1      | Reached XP level 2. HP: 26/26 MP: 2/2
   489 | D:1      | Reached skill level 5 in Axes
   611 | D:2      | Reached XP level 3. HP: 26/31 MP: 3/3
   920 | D:2      | Reached skill level 6 in Axes
  1352 | D:2      | Found a faded altar of an unknown god.
  1364 | D:2      | Became a worshipper of Dithmenos the Shadowed
  1364 | D:2      | Reached * piety under Dithmenos
  1364 | D:2      | Reached ** piety under Dithmenos
  1454 | D:2      | Found a runed door.
  1458 | D:2      | Noticed Crazy Yiuf
  1466 | D:2      | Killed Crazy Yiuf
  1466 | D:2      | Reached XP level 4. HP: 6/39 MP: 4/4
  1468 | D:2      | HP: 1/39 [poisoned by Crazy Yiuf]
  1470 | D:2      | Quit the game

Vault maps used:
D:1:      lightli_arrival_lavapool
D:2:      chequers_ecumenical_altar_island, minmay_misc_feat_plants,
          uniq_crazy_yiuf_cottage

Skill      XL: |  1  2  3 |
---------------+----------+-----
Axes           | 5 6 |  6.8
Fighting       | |  3.6
Dodging        | |  2.4
Stealth        | |  1.5

Action                   |  1- 3 |  4- 6 || total
-------------------------+-------+-------++-------
Melee: Hand axe          |   122 |       ||   122
  Use: Scroll            |     3 |       ||     3
       Potion            |       |     2 ||     2
 Stab: Sleeping          |     2 |       ||     2
  Eat: Chunk             |     2 |       ||     2
Armor: Robe              |    23 |       ||    23
Dodge: Dodged            |    94 |       ||    94
